Map: Daybreak LE (Void)

Players

MarineLorD

  • Race: Terran Terran
  • Spawn Location: 7:00

Stephano - Winner!

  • Race: Zerg Zerg
  • Spawn Location: 1:00

Event: WESG 2016 Finals

VOD

Have the link to the VOD?

Description

Time

  • Played on: Jan. 13, 2017, 10:38 p.m.
  • Length: 14:08

All games in this series

Show
View Real Time Build Order
Export as new Build Order

MarineLorD Terran 

Build Orders: Hellion Opening, Reaper Expand, MMM Bio 

Get SALT Encoding   

  12  0:00  SCV  
  13  0:12  SCV  
  14  0:17  Supply Depot  
  14  0:25  SCV  
  15  0:29  Refinery  
  15  0:39  SCV  
  16  0:45  Barracks  
  16  0:51  SCV  
  17  1:03  SCV  
  18  1:15  SCV  
  19  1:31  Orbital Command  
  19  1:32  Reaper  
  20  1:44  Command Center  
  20  1:55  Factory  
  20  1:58  SCV  
  21  2:07  Barracks Reactor  
  21  2:08  Supply Depot  
  21  2:12  SCV  
  22  2:16  Refinery  
  22  2:24  SCV  
  23  2:37  SCV  
  24  2:43  Starport  
  24  2:49  Hellion x2, SCV  
  29  2:51  Barracks Tech Lab  
  29  2:58  Orbital Command  
  29  3:01  SCV  
  30  3:12  Hellion  
  34  3:13  Hellion  
  34  3:15  SCV  
  35  3:25  Viking  
  37  3:28  SCV x2  
  39  3:35  Corvid Reactor  
  39  3:36  Marine  
  40  3:42  SCV  
  40  3:43  Supply Depot, SCV  
  42  3:51  Hellion x2  
  46  4:04  SCV x2  
  48  4:17  Supply Depot, Command Center, SCV  
  47  4:28  Raven  
  47  4:29  SCV x2  
  51  4:32  Supply Depot  
  51  4:34  Barracks Tech Lab  
  51  4:41  SCV  
  51  4:45  Hellion x2  
  54  4:53  SCV x2  
  54  4:54  Supply Depot  
  54  4:55  Marine  
  54  4:56  Stimpack  
  57  5:04  Refinery x2  
  57  5:05  SCV x2  
  59  5:11  Raven  
  59  5:14  Marine  
  61  5:17  SCV  
  61  5:20  Factory Reactor  
  54  5:29  SCV  
  54  5:31  Marine  
  54  5:33  Barracks  
  54  5:34  Engineering Bay  
  54  5:35  Engineering Bay, Barracks  
  56  5:36  Orbital Command  
  56  5:38  SCV  
  56  5:41  SCV  
  58  5:49  Marine  
  59  5:50  SCV  
  59  5:53  SCV  
  61  6:02  SCV  
  62  6:05  SCV  
  62  6:06  Terran Infantry Armor Level 1, Terran Infantry Weapons Level 1  
  62  6:07  Factory Reactor  
  62  6:08  Orbital Command  
  62  6:11  Barracks  
  63  6:13  Barracks  
  63  6:18  SCV x2  
  59  6:28  Supply Depot  
  59  6:29  Supply Depot, Marine x2  
  59  6:30  SCV  
  62  6:35  Marine  
  62  6:39  Medivac x2  
  67  6:40  SCV  
  67  6:42  SCV  
  69  6:51  Marine  
  69  6:52  Marauder, Marine  
  74  6:54  SCV x2  
  74  7:01  Marine, Barracks Reactor x2  
  75  7:03  SCV  
  75  7:04  Armory  
  75  7:06  SCV  
  75  7:07  Widow Mine x2  
  82  7:09  Marine  
  82  7:16  Marauder  
  82  7:18  SCV  
  82  7:19  Marine x2  
  82  7:21  SCV  
  86  7:26  Combat Shields, Concussive Shells  
  86  7:27  Medivac x2  
  86  7:29  SCV  
  91  7:30  SCV  
  92  7:37  Marauder  
  92  7:38  Bunker  
  92  7:40  Marine x5  
  92  7:42  Marine, SCV  
  92  7:43  Supply Depot, Marine  
  102  7:54  SCV  
  102  7:56  Factory Tech Lab  
  102  7:58  Marine x6  
  104  8:01  Terran Infantry Armor Level 2, Terran Infantry Weapons Level 2  
  109  8:11  Marauder, Marine  
  112  8:16  Marine  
  112  8:17  Medivac x2  
  114  8:26  Marauder, Marine  
  117  8:27  Supply Depot  
  117  8:29  Supply Depot  
  117  8:33  SCV x3  
  120  8:43  Marauder, Marine x2  
  120  8:45  Supply Depot  
  124  8:49  Supply Depot  
  124  8:50  Supply Depot, Medivac x2  
  124  8:51  Siege Tank  
  133  8:55  Marauder  
  133  9:07  Marauder  
  133  9:08  Marine  
  107  9:18  Marauder, Marine x5  
  107  9:20  Liberator  
  107  9:22  Liberator  
  107  9:23  Siege Tank  
  115  9:25  Marine  
  115  9:27  Barracks  
  115  9:28  Marine, Barracks  
  115  9:29  Barracks  
  117  9:36  Marine x2  
  120  9:40  Marauder  
  124  9:47  Marauder, Marine x4  
  129  9:53  Marine  
  129  9:54  Marine  
  129  9:56  Terran Ship Weapons Level 1  
  131  10:01  Marauder  
  131  10:03  Siege Tank  
  131  10:04  Marine x2  
  137  10:08  Marauder, Marine  
  140  10:15  Marine  
  143  10:22  Marauder  
  145  10:29  Marauder, Marine x5  
  145  10:30  Barracks Tech Lab  
  145  10:31  Barracks Tech Lab  
  152  10:35  Refinery  
  152  10:36  Refinery  
  152  10:37  Command Center  
  152  10:38  Marine x3  
  152  10:39  Terran Infantry Weapons Level 3  
  153  10:44  Marauder  
  153  10:46  Marine, Unknown x2  
  153  10:47  Marine x3  
  159  10:51  Marauder x2, Marine  
  159  10:53  Marauder  
  161  10:59  Marine  
  161  11:00  Marine  
  156  11:05  Marauder, Siege Tank  
  156  11:09  Marine  
  156  11:10  Marine  
  159  11:12  Marauder  
  159  11:13  Marauder  
  159  11:17  Marine  
  159  11:18  Marauder  
  162  11:24  Marine  
  128  11:25  Marine x2  
  128  11:26  Marauder  
  128  11:27  Marine x2  
  114  11:33  Marauder  
  114  11:35  Marauder, Marine  
  114  11:38  Marine  
  114  11:39  Marauder  
  122  11:45  Missile Turret  
  120  11:48  Missile Turret  
  120  11:49  Marauder, Marine x2  
  120  11:52  Medivac  
  123  12:08  Missile Turret  
  123  12:09  Marauder, Marine x2  
  123  12:13  Marine  
  123  12:14  Marauder  
  128  12:17  Marauder  
  128  12:22  Marauder, Marine  
  114  12:31  Marauder  
  114  12:32  Planetary Fortress  
  114  12:35  Marauder  
  107  12:38  Medivac  
  107  12:40  Marine  
  105  12:44  Marine  
  95  12:55  Marauder, Marine  
  95  12:56  Marine  
  99  13:03  Marauder, Marine  
  100  13:06  SCV  
  103  13:12  Marauder  
  103  13:16  Medivac  
  103  13:19  Medivac  
  107  13:39  Marauder x3  
  107  13:41  Marauder, Marine x2  
  118  13:42  Marine  
  118  13:44  Marine x2  
  118  13:45  Marine  
  118  13:46  Marine  
Show
View Real Time Build Order
Export as new Build Order

Stephano Zerg - Winner!

Build Orders: Hatch First 

Get SALT Encoding   

  12  0:01  Drone  
  13  0:12  Overlord  
  13  0:17  Drone  
  14  0:30  Drone x2  
  14  0:34  Drone  
  17  0:52  Hatchery  
  17  0:55  Drone  
  17  0:58  Drone  
  18  1:09  Extractor  
  17  1:13  Spawning Pool  
  17  1:16  Drone  
  17  1:20  Drone  
  18  1:28  Drone  
  19  1:41  Overlord  
  19  2:00  Queen  
  19  2:01  Zergling x4  
  23  2:03  Queen  
  23  2:04  Drone  
  26  2:12  Metabolic Boost  
  26  2:27  Hatchery  
  26  2:29  Drone  
  26  2:32  Drone  
  26  2:33  Drone  
  28  2:39  Drone x2  
  28  2:43  Drone  
  30  2:50  Overlord  
  30  2:53  Drone  
  30  2:58  Queen  
  31  3:05  Drone x2  
  34  3:07  Drone  
  34  3:12  Drone x3  
  39  3:14  Drone  
  39  3:17  Zergling x2  
  39  3:18  Zergling x2  
  42  3:22  Overlord  
  42  3:28  Queen  
  44  3:40  Drone x3  
  47  3:41  Drone  
  47  3:42  Drone  
  47  3:44  Zergling x6  
  47  3:46  Drone x2  
  47  3:48  Drone  
  55  3:53  Drone x3  
  54  4:04  Drone  
  54  4:07  Overlord x2  
  52  4:15  Zergling x2  
  49  4:21  Zergling x2  
  49  4:22  Zergling x2  
  49  4:25  Queen, Overlord  
  49  4:27  Zergling x2  
  49  4:28  Zergling x8  
  56  4:32  Extractor  
  56  4:34  Zergling x6  
  56  4:35  Roach Warren  
  55  4:46  Drone x3  
  55  4:52  Drone  
  59  4:53  Drone  
  59  4:54  Drone x3  
  59  4:55  Spore Crawler  
  59  4:57  Drone x2  
  64  5:03  Overlord  
  64  5:04  Drone x2  
  66  5:12  Overlord x2  
  60  5:26  Drone  
  60  5:28  Drone x4  
  60  5:29  Drone  
  60  5:30  Drone, Spore Crawler  
  60  5:31  Queen  
  60  5:32  Spore Crawler  
  60  5:35  Zergling x10  
  68  5:46  Overlord x2  
  65  5:52  Overlord x2  
  65  5:56  Drone x4  
  65  5:57  Drone  
  70  5:58  Extractor  
  70  5:59  Drone, Extractor  
  70  6:02  Extractor, Drone  
  69  6:04  Evolution Chamber x2  
  67  6:15  Drone  
  67  6:18  Drone  
  68  6:22  Zergling x4  
  68  6:23  Zergling x6  
  68  6:24  Drone  
  69  6:30  Zerg Missile Weapons Level 1  
  69  6:31  Drone x6  
  75  6:34  Zerg Ground Armor Level 1  
  75  6:38  Drone x3  
  75  6:39  Extractor, Overlord  
  77  6:43  Drone x2  
  79  6:54  Drone x3  
  81  7:00  Drone x7  
  85  7:04  Drone  
  86  7:10  Overlord x2  
  86  7:12  Lair  
  85  7:20  Roach x3  
  85  7:21  Roach x3  
  94  7:29  Drone x3  
  97  7:30  Roach x2  
  101  7:38  Roach x3  
  101  7:43  Roach  
  109  7:46  Hatchery  
  109  7:50  Roach  
  109  7:51  Roach x3  
  116  7:57  Roach x3  
  122  8:00  Pneumatized Carapace, Spine Crawler  
  122  8:03  Roach x3  
  127  8:11  Roach, Glial Reconstitution  
  128  8:13  Overlord x2  
  126  8:30  Roach  
  126  8:31  Zerg Ground Armor Level 2, Roach, Zerg Missile Weapons Level 2  
  126  8:33  Roach  
  126  8:34  Roach x7  
  144  8:39  Overlord  
  144  8:40  Ravager  
  145  8:45  Overlord  
  145  8:46  Overlord  
  145  8:53  Burrow  
  145  9:00  Roach x7  
  159  9:09  Roach x7  
  141  9:19  Roach  
  141  9:20  Overseer, Roach x5  
  141  9:23  Drone x6  
  159  9:25  Ravager  
  159  9:26  Ravager  
  159  9:28  Ravager  
  159  9:30  Tunneling Claws  
  162  9:33  Drone x5  
  163  9:52  Roach  
  163  9:53  Roach x2  
  163  9:55  Overlord x5  
  163  9:57  Extractor x2  
  163  10:11  Roach  
  157  10:15  Drone x2  
  157  10:18  Roach x13  
  185  10:23  Spore Crawler  
  185  10:24  Ravager x5  
  185  10:27  Overseer  
  189  10:31  Roach x3  
  191  10:59  Roach x17  
  191  11:00  Roach  
  191  11:01  Roach x4  
  191  11:04  Queen  
  193  11:08  Roach x9  
  198  11:22  Roach x8  
  198  11:23  Roach x2  
  185  11:29  Roach x3  
  185  11:30  Roach  
  185  11:32  Ravager x5  
  174  11:33  Ravager  
  174  11:36  Roach  
  174  11:37  Roach x2  
  169  11:51  Roach x7  
  169  11:53  Extractor  
  182  11:55  Roach x7  
  182  11:56  Roach x6  
  182  12:00  Drone x4  
  184  12:04  Overlord x2  
  167  12:23  Roach x9  
  167  12:26  Roach x8  
  141  12:38  Roach x7  
  141  12:42  Roach  
  147  12:46  Roach x4  
  138  12:53  Roach x2  
  138  12:55  Ravager x2  
  138  12:56  Ravager x7  
  143  13:01  Roach x6  
  143  13:05  Ravager x2  
  150  13:06  Ravager  
  150  13:11  Roach  
  150  13:12  Roach x3  
  157  13:20  Roach x3  
  163  13:30  Roach x4  
  163  13:32  Overseer  
  171  13:36  Ravager x2  
  171  13:37  Ravager x2  
  175  13:42  Roach  
  175  13:43  Roach x2  
Tags
 
Add a new tag
Caveats
  • Supply blocks, unpowered buildings, or Contaminate may cause inaccurate times.
  • Supply counts are checked every 10 seconds.